 Dungeon Crawl Stone Soup version 0.27.1-34-g3ba077fa99 (webtiles) character file.

Game seed: 16214200562862762924

228 Atelerd the Digger (level 6, 0/36 HPs)
             Began as an Octopode Earth Elementalist on Jan 3, 2022.
             Slain by a centaur (3 damage)
             ... on level 4 of the Dungeon.
             The game lasted 00:04:09 (4451 turns).

Atelerd the Digger (Octopode Earth Elementalist)    Turns: 4451, Time: 00:04:12

Health: 0/36       AC:  1    Str:  7    XL:     6   Next: 2%
Magic:  9/11       EV: 13    Int: 19    God:
Gold:   186        SH:  0    Dex: 13    Spells: 7/12 levels left

rFire    . . .     SeeInvis .   a - +0 short sword
rCold    . . .     Faith    .   (no shield)
rNeg     + . .     Spirit   .   (helmet restricted)
rPois    .         Reflect  .   j - amulet of the acrobat
rElec    .         Harm     .   f - ring of positive energy
rCorr    .         Rampage  .   (no ring)
Will     .....                  (no ring)
Stlth    +++.......             (no ring)
HPRegen  0.12/turn              (no ring)
MPRegen  0.12/turn              (no ring)
                                (no ring)
                                (no ring)

@: very slightly contaminated
A: almost no armour, amphibious, 8 rings, camouflage 1, gelatinous body 1,
(nimble swimmer 1), tentacles
a: no special abilities


You were on level 4 of the Dungeon.
You visited 1 branch of the dungeon, and saw 4 of its levels.

You collected 186 gold pieces.

Inventory:

Hand Weapons
 a - a +0 short sword (weapon)
Missiles
 b - 89 stones
Jewellery
 f - a ring of positive energy (left tentacle)
 j - an amulet of the acrobat (around mantle)
Scrolls
 c - a scroll of brand weapon {unknown}
 d - a scroll of immolation {unknown}
 e - 2 scrolls of enchant armour
 h - a scroll of identify {unknown}
Potions
 g - a potion of mutation {unknown}
 i - a potion of attraction {unknown}
 k - 2 potions of heal wounds {unknown}
 l - 2 potions of curing {unknown}


   Skills:
 - Level 2.0 Dodging
 - Level 2.6 Stealth
 + Level 3.7 Spellcasting
 - Level 3.0 Transmutations
 + Level 4.5 Earth Magic


You had 7 spell levels left.
You knew the following spells:

 Your Spells              Type           Power      Damage    Failure   Level
a - Sandblast             Erth           40%        2d10      2%          1
p - Petrify               Tmut/Erth      17%        N/A       30%         4

Your spell library contained the following spells:

 Spells                   Type           Power      Damage    Failure   Level
 Passwall                 Tmut/Erth      14%        N/A       4%          2
 Stone Arrow              Conj/Erth      24%        3d8       17%         3
 Ozocubu's Armour         Ice            3%         N/A       38%         3
 Metabolic Englaciation   Hex/Ice        1%         N/A       98%         5
 Simulacrum               Ice/Necr       1%         N/A       100%        6


Dungeon Overview and Level Annotations

Branches:
Dungeon (4/15)
 Temple: D:4-7

Altars:
Fedhas
Xom

Annotations:
D:2 exclusion: downstairs


Innate Abilities, Weirdness & Mutations

You cannot wear most types of armour.
You are amphibious.
You can wear up to eight rings at the same time.
Your skin changes colour to match your surroundings (Stealth+).
Your rubbery body absorbs attacks. (AC +1, EV +1)
((You are camouflaged near water. (Stealth+)))
You have tentacles for arms and can constrict up to eight enemies at once.


Message History

The arrow barely misses you.
The centaur unwields a +0 shortbow.
The centaur completely misses you. x2
The centaur shoots an arrow.
The arrow misses you. The centaur completely misses you. The centaur kicks you.
Casting: Sandblast (safe; 2% risk of failure)
Confirm with . or Enter, or press ? or * to list all spells.
Aiming: Sandblast (safe; 2% risk of failure)
Press: ? - help, Shift-Dir - straight line, f - centaur
Aim: a centaur, quivering arrows (88% to hit)
The blast of sand misses the centaur.
The centaur hits you. The centaur barely misses you.
Unknown command.
Unknown command.
Casting: Sandblast (safe; 2% risk of failure)
Confirm with . or Enter, or press ? or * to list all spells.
Aiming: Sandblast (safe; 2% risk of failure)
Press: ? - help, Shift-Dir - straight line, f/p - centaur
Aim: a centaur, quivering arrows (88% to hit)
You miscast Sandblast.
You are very lightly contaminated with residual magic.
Nothing appears to happen.
The centaur unwields a +0 shortbow.
The centaur hits you. The centaur kicks you. The centaur closely misses you.
The centaur barely misses you. The centaur hits you.
* * * LOW HITPOINT WARNING * * *
The centaur kicks you.
* * * LOW HITPOINT WARNING * * *
Unknown command.
Okay, then.
Press: ? - help, v - describe, . - travel, g - get item Item here: a manual of Axes.
The floor.
As you read the scroll labelled NIRAIMYI CINLEO, it crumbles to dust.
It is a scroll of enchant armour.
You aren't carrying any armour which can be enchanted further.
The centaur closely misses you. The centaur kicks you.
* * * LOW HITPOINT WARNING * * *
The centaur closely misses you. The centaur kicks you.
* * * LOW HITPOINT WARNING * * *
The centaur hits you.
You die...

.# . #### ##. ...
###.. #.##
...##...#
##.#..##.#..
#.ccoo:.....
#.@#.##..#..
#..##.. #
###...##.#
##.####...#......
.......<....######
##+####.###.#
#.###+###
#.......#
#.......#


You could see 2 centaurs and 2 orcs.

Vanquished Creatures
  A hound (D:4)
  A gnoll shaman (D:4)
  An iguana (D:3)
  3 gnolls
  5 adders
  An adder skeleton (D:2)
  2 dart slugs
  6 ball pythons
  5 endoplasms
  2 giant cockroaches (D:1)
  9 goblins
  5 hobgoblins
  2 jackals (D:1)
  5 quokkas
  4 bats
  5 frilled lizards
  7 kobolds
  5 rats
69 creatures vanquished.

Notes
Turn   | Place    | Note
-------+----------+-------------------------------------------
     0 | D:1      | Atelerd the Octopode Earth Elementalist began the quest for
                  | the Orb.
     0 | D:1      | Reached XP level 1. HP: 11/11 MP: 3/3
   320 | D:1      | Reached XP level 2. HP: 16/17 MP: 0/5
   912 | D:1      | Reached XP level 3. HP: 14/21 MP: 6/6
  1824 | D:2      | Reached XP level 4. HP: 19/27 MP: 8/8
  2248 | D:3      | Noticed a black bear
  2365 | D:3      | Learned a level 4 spell: Petrify
  2589 | D:4      | Reached skill level 4 in Earth Magic
  2589 | D:4      | Reached XP level 5. HP: 11/31 MP: 0/9
  3739 | D:3      | Found a blossoming altar of Fedhas.
  3741 | D:3      | Found a shimmering altar of Xom.
  4289 | D:4      | Reached XP level 6. HP: 36/36 MP: 9/11
  4451 | D:4      | Slain by a centaur

Illustrated notes

Levels and vault maps discovered:
D:1:      mushboom_english_gardens, layout_basic
D:2:      minmay_alternating_diamond, layout_basic
D:3:      layout_rooms, jmf_multi_god_temple
D:4:      layout_basic, minmay_manual_mares, uniq_robin

Skill      XL: |  1  2  3  4  5 |
---------------+----------------+-----
Transmutations | 2 3 |  3.0
Spellcasting   | 3 |  3.7
Earth Magic    | 4 |  4.5
Dodging        | |  2.0
Stealth        | |  2.6

Action                   |  1- 3 |  4- 6 || total
-------------------------+-------+-------++-------
Melee: Short sword       |    61 |    41 ||   102
       Constrict         |    20 |    13 ||    33
       Tentacles         |    10 |     8 ||    18
       Unarmed           |     2 |       ||     2
 Cast: Sandblast         |    21 |    30 ||    51
       Petrify           |       |     5 ||     5
  Use: Scroll            |       |     1 ||     1
 Stab: Sleeping          |    17 |     7 ||    24
Armor: Skin              |     4 |     5 ||     9
Dodge: Dodged            |    42 |    49 ||    91
